AoeStats
← joosephy

Black Forest

507721683Analyzed
4v4 RM · 14d ago on Sep 19, 2026· 20m 39s· 8 players
Game mode
Random Map
Map size
Large (8 player)
Population
200
Speed
Normal
Resources
Standard
Victory
Conquest
Starting age
Dark Age
Ending age
Imperial Age
RankedLock teamsTeams togetherTeam positionsShared explorationLock speedFull tech treeHidden civsTurbo modeCheats
Victory
Defeat
🇩🇪 Japanese · Germany
1631
+14
🇫🇷 Mongols · France
1581
+16
🇦🇷 Turks · Argentina
1549
+17
🇹🇼 Spanish · Taiwan
1520
+19
🇨🇳 Bohemians · China
1608
-18
🇹🇼 Gurjaras · Taiwan
1591
-17
🇦🇷 Jurchens · Argentina
1579
-16
🇹🇼 Italians · Taiwan
1554
-15
joosephy
1:27 Loom
5:11 Loom
11:08 Feudal Age
15:09 Castle Age
13:03 Double-Bit Axe
Chim cu đi tắm
7:48 Loom
10:17 Feudal Age
14:55 Castle Age
16:43 Forging
16:34 Scale Mail Armor
17:22 Squires
17:46 Double-Bit Axe
17:41 Horse Collar
18:56 Bow Saw
19:22 Heavy Plow
骑人机的骑士
11:11 Feudal Age
14:50 Castle Age
13:57 Double-Bit Axe
13:56 Horse Collar
15:50 Bow Saw
16:52 Loom
yclin124
6:36 Loom
9:17 Feudal Age
10:04 Double-Bit Axe
15:29 Fletching
76nateK
10:29 Feudal Age
11:22 Horse Collar
11:35 Double-Bit Axe
14:11 Castle Age
15:39 Bow Saw
15:31 Heavy Plow
18:54 Wheelbarrow
DaKrankVieh
8:21 Feudal Age
8:26 Man-at-Arms
9:24 Loom
13:48 Scale Mail Armor
13:38 Fletching
15:15 Padded Archer Armor
大佑池酒
0:47 Loom
11:22 Feudal Age
15:17 Castle Age
13:27 Double-Bit Axe
13:53 Horse Collar
16:19 Bow Saw
ME_DEPRIME_JUGAR_CON_USTEDES
6:31 Loom
8:50 Feudal Age
9:55 Double-Bit Axe
10:36 Horse Collar
20:40 Castle Age
19:06 Scale Barding Armor
20:24 Wheelbarrow
20:30 Bloodlines
Connection lost

Rejoining the realm…

Still unreachable

The connection could not be restored.

Session expired

The server has moved on; the page needs a fresh start.